 Dungeon Crawl Stone Soup version 0.28.0-1-gb440e238dd (webtiles) character file.

Game seed: 13670227839661256474

66 pkoi the Insei (level 3, -4/31 HPs)
             Began as a Draconian Monk on Feb 25, 2022.
             Slain by Natasha (7 damage)
             ... on level 2 of the Dungeon.
             The game lasted 00:01:29 (1582 turns).

pkoi the Insei (Draconian Monk)                     Turns: 1582, Time: 00:01:29

Health: -4/31      AC:  5    Str: 13    XL:     3   Next: 96%
Magic:  3/3        EV: 12    Int: 12    God:
Gold:   108        SH:  0    Dex: 13    Spells: 2/2 levels left

rFire   . . .      SeeInvis .     - Unarmed
rCold   . . .      Faith    .   (no shield)
rNeg    . . .      Spirit   .   (armour unavailable)
rPois   .          Reflect  .   (helmet restricted)
rElec   .          Harm     .   (no cloak)
rCorr   .          Rampage  .   (no gloves)
Will    .....                   (no boots)
Stlth   ++........              (no amulet)
HPRegen 0.10/turn               (no ring)
MPRegen 0.08/turn               (no ring)

@: slowed, very slow
A: AC +5, unfitting armour, cold-blooded
a: no special abilities


You were on level 2 of the Dungeon.
You visited 1 branch of the dungeon, and saw 2 of its levels.

You collected 108 gold pieces.

Inventory:

Hand Weapons
 a - a +0 club
 b - a +0 dagger
 g - a +0 long sword
Scrolls
 d - 3 scrolls of holy word
 e - a scroll of torment {unknown}
Potions
 c - a potion of ambrosia


   Skills:
 - Level 3.2 Fighting
 - Level 2.6 Dodging
 - Level 1.7 Stealth
 + Level 4.9 Unarmed Combat


You had 2 spell levels left.
You didn't know any spells.
Your spell library was empty.

Dungeon Overview and Level Annotations

Branches:
Dungeon (2/15)

Altars:

Shops:
D:1 [   D:2 :

Annotations:
D:2 Natasha


Innate Abilities, Weirdness & Mutations

Your plain brown scales are hard. (AC +5)
You cannot fit into any form of body armour.
You are cold-blooded and may be slowed by cold attacks.


Message History

The ball python grabs you. The ball python constricts you.
You hit the ball python.
You kill the ball python!
No target in view!
Natasha, Servant of Life and Death comes into view.
Natasha is nearby!
Natasha stares at you and mumbles some strange words.
You resist with significant effort.
Natasha stares at you and mumbles some strange words.
You feel yourself slow down. Natasha claws you.
You are too injured to fight recklessly!
You hit Natasha.
Natasha is lightly wounded.
Natasha claws you.
* * * LOW HITPOINT WARNING * * *
Natasha closely misses you.
You hit Natasha but do no damage.
Natasha is lightly wounded.
Natasha claws you.
* * * LOW HITPOINT WARNING * * *
You hit Natasha.
Natasha is moderately wounded.
Natasha claws you.
* * * LOW HITPOINT WARNING * * *
Natasha misses you.
You barely miss Natasha.
Natasha is moderately wounded.
Natasha claws you.
* * * LOW HITPOINT WARNING * * *
You barely miss Natasha.
Natasha is moderately wounded.
Natasha claws you.
* * * LOW HITPOINT WARNING * * *
You barely miss Natasha.
Natasha is moderately wounded.
Natasha claws you!
* * * LOW HITPOINT WARNING * * *
Natasha claws you!
You die...

... ... ........#
........##########
...........#.....##
..................##
...................#
#................h.#
#.......†.......@..#
...................#
####...............#
...................#
####..............##
##...#....(#.....##
##.###....########
#..# #....#
#.####....#


You could see Natasha.

Vanquished Creatures
  2 adders (D:2)
  2 endoplasms (D:1)
  A giant cockroach (D:1)
  7 goblins
  3 hobgoblins
  3 jackals (D:1)
  4 kobolds
  6 quokkas
  3 ball pythons
  6 bats
  3 frilled lizards (D:1)
  3 rats
43 creatures vanquished.

Notes
Turn   | Place    | Note
-------+----------+-------------------------------------------
     0 | D:1      | pkoi the Draconian Monk began the quest for the Orb.
     0 | D:1      | Reached XP level 1. HP: 19/19 MP: 1/1
   484 | D:1      | Reached XP level 2. HP: 26/26 MP: 2/2
   557 | D:1      | Found a faded altar of an unknown god.
   600 | D:1      | Reached skill level 4 in Unarmed Combat
   735 | D:1      | Found Doq Xuol's Antique Armour Shop.
   915 | D:1      | Reached XP level 3. HP: 31/31 MP: 3/3
  1507 | D:2      | Found Susaceum's Book Emporium.
  1571 | D:2      | Noticed Natasha
  1582 | D:2      | Slain by Natasha

Illustrated notes

Levels and vault maps discovered:
D:1:      minmay_arrival_stone_box, layout_loops_ring,
          ebering_ecumenical_altar_box, serial_shops, shop, minivault_5
D:2:      layout_rooms, serial_shops, shop_fountains, uniq_natasha

Skill      XL: |  1  2 |
---------------+-------+-----
Unarmed Combat | 4 |  4.9
Fighting       | |  3.2
Dodging        | |  2.6
Stealth        | |  1.7

Action                   || total
-------------------------++-------
Melee: Unarmed           ||   129
       Tailslap          ||    11
       Punch             ||     1
  Use: Scroll            ||     3
       Potion            ||     1
 Stab: Sleeping          ||     4
Armor: Skin              ||    37
Dodge: Dodged            ||    83
